 Dungeon Crawl Stone Soup version 0.30.0-3-ga4e48a9924 (webtiles) character file.

Game seed: 18044473989309813959

7 monsoonserge the Sneak (level 1, 9/9 HPs)
             Began as a Spriggan Enchanter on May 8, 2023.
             Was a Follower of Qazlal.
             Got out of the dungeon alive.
             The game lasted 00:01:54 (206 turns).

monsoonserge the Sneak (Spriggan Enchanter)          Turns: 206, Time: 00:01:55

Health: 9/9        AC:  2    Str:  4    XL:     1   Next: 83%
Magic:  5/5        EV: 17    Int: 16    God:    Qazlal [*.....]
Gold:   20         SH:  1    Dex: 15    Spells: 5/5 levels left

rFire   . . .        a - +1 dagger
rCold   . . .        (no shield)
rNeg    . . .        b - +0 robe
rPois   .            (helmet restricted)
rElec   .            (no cloak)
rCorr   .            (gloves unavailable)
SInv    +            (boots unavailable)
Will    .....        (no amulet)
Stlth   +++          (no ring)
HPRegen 0.21/turn    (no ring)
MPRegen 0.09/turn

%: no passive effects
@: very quick
A: very small, no large weapons, unfitting armour, see invisible, speed 3
a: Renounce Religion


You escaped.
You worshipped Qazlal.
Qazlal was aware of your devotion.
You visited 1 branch of the dungeon, and saw 1 of its levels.

You collected 20 gold pieces.

Inventory:

Hand Weapons
 a - a +1 dagger (weapon)
Missiles
 f - 5 boomerangs (quivered)
 i - 8 stones
Armour
 b - a +0 robe (worn)
Scrolls
 d - a scroll of immolation {unknown}
 e - 2 scrolls of identify {unknown}
Potions
 c - 2 potions of invisibility
 g - a potion of cancellation {unknown}
 h - a potion of curing {unknown}
 j - a potion of degeneration {unknown}


   Skills:
 + Level 1.1 Short Blades
 + Level 2.7 Dodging
 + Level 5.0 Stealth
 + Level 2.7 Spellcasting
 + Level 3.8 Hexes


You had 5 spell levels left.
You didn't know any spells.
Your spell library contained the following spells:

 Spells                   Type           Power      Damage    Failure   Level
 Confusing Touch          Hex            14%        N/A       12%         3
 Tukima's Dance           Hex            14%        N/A       12%         3
 Ensorcelled Hibernation  Hex/Ice        16%        N/A       13%         2
 Dazzling Flash           Conj/Hex       16%        N/A       26%         3


Dungeon Overview and Level Annotations

Branches:
Dungeon (1/15)

Altars:
Qazlal


Innate Abilities, Weirdness & Mutations

You are very small and have problems with some larger weapons.
You are too small for most types of armour.
You have supernaturally acute eyesight. (SInv)
You cover ground extremely quickly. (Speed+++)


Message History

You open the door.
There is an open door here.
You open the door.
A goblin comes into view. It is wielding a +0 dagger.
The goblin shouts!
You hit the goblin.
You kill the goblin!
There is an open door, spattered with blood here.
Things that are here:
a +0 dagger; a goblin corpse You open the door.
Found a fuming dark potion.
There is an open door here.
Found a faded altar of an unknown god.
j - a fuming dark potion
There are no items here.
A rat comes into view.
There is a faded altar of an unknown god here.
A rat comes into view.
You closely miss the rat. The rat bites you but does no damage.
You hit the rat but do no damage. The rat closely misses you.
You hit the rat.
You kill the rat!
Your Stealth skill increases to level 5!
There is a faded altar of an unknown god here.
This altar belongs to (a) Jiyva, (b) Ru or (c) Qazlal, but you can't tell which.
Press the corresponding letter to learn more about a god, or press enter to convert or escape to cancel.
Qazlal accepts your prayer! Qazlal welcomes you!
Qazlal grants you and your divine allies immunity to clouds.
You are now surrounded by a storm.
There is an open door here.
There is an open door, spattered with blood here.
Things that are here:
a +0 dagger; a goblin corpse You open the door.
There is an open door here.
Why would you want to do that?
There is a staircase leading out of the dungeon here.
Are you sure you want to leave the Dungeon?
This will make you lose the game!
You have escaped!

###########
#....@.[..#
#.....§...#
#.........#
#..#...#..#
#.........# #.#
#.........#.#
#.###..#...#..#.#
.#
#...#.........#.#
.
#.#.....≈.≈.....#
.#


There were no monsters in sight!

Vanquished Creatures
  2 goblins (D:1)
  A hobgoblin (D:1)
  A kobold (D:1)
  A quokka (D:1)
  A rat (D:1)
6 creatures vanquished.

Notes
Turn   | Place    | Note
-------+----------+-------------------------------------------
     0 | D:1      | monsoonserge the Spriggan Enchanter began the quest for the
                  | Orb.
     0 | D:1      | Reached XP level 1. HP: 9/9 MP: 5/5
   159 | D:1      | Found a faded altar of an unknown god.
   173 | D:1      | Reached skill level 5 in Stealth
   175 | D:1      | Prayed at the altar of an unknown god.
   175 | D:1      | Became a worshipper of Qazlal Stormbringer
   175 | D:1      | Reached * piety under Qazlal
   206 | D:$      | Got out of the dungeon alive.

Illustrated notes

Levels and vault maps discovered:
D:1:      shiori_arrival_oz, layout_basic, hellmonk_ecumenical_altar_crossroads

Skill      XL: |  1 |
---------------+----+-----
Stealth        | 5 |  5.0
Short Blades   | |  1.1
Dodging        | |  2.7
Spellcasting   | |  2.7
Hexes          | |  3.8

Action                     || total
---------------------------++-------
  Melee: Dagger            ||    23
 Armour: Robe              ||     2
  Dodge: Dodged            ||    13
